 Dungeon Crawl Stone Soup version 0.17-a0-1430-g49fde19 (webtiles) character file.

161 tinkerttoy the Cudgeler (level 5, 0/82 HPs)
             Began as an Ogre Berserker on June 25, 2015.
             Was a Believer of Trog.
             Succumbed to an adder's poison
             ... on level 3 of the Dungeon.
             The game lasted 00:03:47 (1896 turns).

tinkerttoy the Cudgeler (Ogre Berserker)            Turns: 1896, Time: 00:03:47

Health: 0/82       AC:  4    Str: 27    XL:     5   Next: 42%
Magic:  5/5        EV: 10    Int:  6    God:    Trog [**....]
Gold:   79         SH:  0    Dex: 10    Spells: 0 memorised, 4 levels left

rFire  . . .     SeeInvis .     a - +0 mace
rCold  . . .     Clarity  .     b - +0 animal skin
rNeg   . . .     SustAt   .     (no shield)
rPois  .         Gourm    .     (helmet restricted)
rElec  .         Spirit   .     e - +0 cloak
rCorr  .         Warding  .     (gloves unavailable)
rMut   .         Stasis   .     (boots unavailable)
MR     .....                    (no amulet)
Stlth  ..........               (no ring)
                                (no ring)

@: berserking (expiring), lethally poisoned (0 -> -2), very quick, not resistant
to hostile enchantments, extremely unstealthy
A: unfitting armour, tough skin 1
a: Burn Spellbooks, Berserk, Trog's Hand, Renounce Religion


You were on level 3 of the Dungeon.
You worshipped Trog.
Trog was pleased with you.
You were hungry.

You visited 1 branch of the dungeon, and saw 3 of its levels.

You collected 79 gold pieces.

Inventory:

Hand weapons
 a - a +0 mace (weapon)
Armour
 b - a +0 animal skin (worn)
 e - a +0 cloak (worn)
Jewellery
 d - an uncursed ring of flight {unknown}
 h - an uncursed amulet of rage {unknown}
Scrolls
 f - a scroll of fog {unknown}
 g - a scroll of enchant weapon {unknown}
 i - a scroll of amnesia {unknown}
 k - a scroll of remove curse {unknown}
 o - a scroll of immolation {unknown}
Potions
 j - 2 potions of curing {unknown}
 l - a potion of resistance {unknown}
Comestibles
 c - a bread ration
 n - a royal jelly


   Skills:
 + Level 4.9 Fighting
 * Level 6.5 Maces & Flails
 + Level 3.4 Dodging


You had 4 spell levels left.
You didn't know any spells.

Dungeon Overview and Level Annotations

Branches:
Dungeon (3/15)

Altars:
Okawaru
Ru


Innate Abilities, Weirdness & Mutations

You are too large for most types of armour.
You have tough skin (AC +1).


Message History

You closely miss the adder. The adder barely misses you.
You sock the adder!
The adder is severely wounded.
The adder bites you.
* * * LOW HITPOINT WARNING * * *
You are poisoned.
The adder poisons you!
You barely miss the adder.
The adder is severely wounded.
* * * LOW HITPOINT WARNING * * *
You feel sick. The adder bites you.
* * * LOW HITPOINT WARNING * * *
You sock the adder!
You kill the adder!
Trog accepts your kill.
You are too berserk!
You thump the orc!
You kill the orc!
Trog accepts your kill.
You die...

..# #....#
..######....##
#..)...o.....#
#.######.....#
#.# #####S###
#.# #....# #.#
#....# #.#
#####....#####
#.#
#........)@..#
.(#
#........###.#
#........# #.#
#.)....#.# #.#
#......#.# #.#
#......#.###.#
######.#..(#.#
#.###.#.#
#.#...#.#


There were no monsters in sight!

Vanquished Creatures
  An orc wizard (D:3)
  Jessica (D:3)
  6 adders
  An ooze (D:2)
  5 orcs (D:3)
  A ball python (D:2)
  A giant cockroach (D:2)
  5 goblins (D:1)
  2 hobgoblins (D:1)
  3 jackals (D:1)
  2 quokkas
  7 bats
  A giant gecko (D:1)
  A giant newt (D:2)
  8 kobolds
  5 rats
50 creatures vanquished.

Vanquished Creatures (others)
  A giant newt (D:2)
1 creature vanquished.

Grand Total: 51 creatures vanquished

Notes
Turn   | Place    | Note
--------------------------------------------------------------
     0 | D:1      | tinkerttoy the Ogre Berserker began the quest for the Orb.
     0 | D:1      | Reached XP level 1. HP: 24/24 MP: 1/1
   207 | D:1      | Reached XP level 2. HP: 26/32 MP: 2/2
   644 | D:1      | Reached XP level 3. HP: 26/40 MP: 3/3
   947 | D:2      | Found a sacrificial altar of Ru.
   961 | D:2      | Acquired Trog's second power
  1025 | D:2      | Reached skill level 5 in Maces & Flails
  1042 | D:2      | Found a faded altar to an unknown god.
  1094 | D:2      | Reached XP level 4. HP: 41/49 MP: 4/4
  1144 | D:2      | Found an iron altar of Okawaru.
  1655 | D:3      | Reached skill level 6 in Maces & Flails
  1655 | D:3      | HP: 2/49 [orc/trident of piercing (1)]
  1835 | D:3      | Reached XP level 5. HP: 30/55 MP: 5/5
  1845 | D:3      | Noticed Jessica
  1891 | D:3      | Killed Jessica
  1893 | D:3      | HP: 4/82 [adder (5)]
  1894 | D:3      | HP: 1/82 [adder (2)]
  1896 | D:3      | Succumbed to an adder's poison

Vault maps used:
D:1:      erik_arrival_cave_to_civilisation, glass_columns_b
D:2:      lemuel_coloured_pillars_altar, overflow_temple_1_default,
          hangedman_ru_absence, ecumenical_altar_1, lemuel_another_geyser
D:3:      grunt_temple_overflow_order_and_chaos_1, lemuel_doored_altar,
          bloody_trog, uniq_jessica

Action                   |  1- 3 |  4- 6 || total
-------------------------+-------+-------++-------
Melee: Mace              |    82 |    64 ||   146
Invok: Berserk           |       |     1 ||     1
 Stab: Sleeping          |     1 |       ||     1
  Eat: Chunk             |       |     3 ||     3
